 Dungeon Crawl Stone Soup version 0.21.1-1-g345015f (webtiles) character file.

58 doot the Grasshopper (level 4, 0/37 HPs)
             Began as a Ghoul Warper on June 11, 2018.
             Killed from afar by a white imp (5 damage)
             ... with a puff of frost
             ... summoned by Natasha
             ... on level 2 of the Dungeon.
             The game lasted 00:03:43 (1014 turns).

doot the Grasshopper (Ghoul Warper)                 Turns: 1014, Time: 00:03:44

Health: 0/37       AC:  3    Str: 14    XL:     4   Next: 2%
Magic:  4/6        EV: 11    Int:  9    God:
Gold:   44         SH:  0    Dex:  8    Spells: 3/7 levels left

rFire    . . .     SeeInvis .     - Unarmed
rCold    + . .     Gourm    .   (no shield)
rNeg     + + +     Faith    .   a - +0 leather armour
rPois    ∞         Spirit   .   (no helmet)
rElec    .         Reflect  .   (no cloak)
rCorr    .         Harm     .   (no gloves)
MR       .....                  (no boots)
Stlth    +.........             (no amulet)
HPRegen  0.00/turn              (no ring)
MPRegen  0.10/turn              (no ring)

@: shrouded, rotting
A: rotting body, claws 1, carnivore, cold resistance 1, negative energy
resistance 3, inhibited regeneration, torment resistance, unbreathing
a: no special abilities


You were on level 2 of the Dungeon.
You were not hungry.

You visited 1 branch of the dungeon, and saw 2 of its levels.

You collected 44 gold pieces.

Inventory:

Missiles
 d - 5 tomahawks of dispersal (quivered)
Armour
 a - a +0 leather armour (worn)
Scrolls
 c - a scroll of blinking
 e - 3 scrolls of enchant weapon {unknown}
 g - a scroll of identify {unknown}
 h - a scroll of fear {unknown}
 i - 3 scrolls of teleportation {unknown}
 j - a scroll of remove curse {unknown}
Books
 b - a book of Spatial Translocations

   Spells                             Type                      Level
   a - Blink                          Translocation                2
   b - Shroud of Golubria             Charms/Translocation         2
   c - Lesser Beckoning               Translocation                3
   d - Gell's Gravitas                Translocation                3
   e - Teleport Other                 Translocation                3
   f - Passage of Golubria            Translocation                4
Comestibles
 f - 3 rations


   Skills:
 + Level 2.3 Fighting
 + Level 0.8 Throwing
 + Level 1.5 Armour
 + Level 1.9 Dodging
 + Level 3.0 Unarmed Combat
 + Level 2.1 Spellcasting
 + Level 3.1 Translocations


You had 3 spell levels left.
You knew the following spells:

 Your Spells              Type           Power        Failure   Level  Hunger
a - Blink                 Tloc           N/A          17%         2    ###....
b - Shroud of Golubria    Chrm/Tloc      #.........   32%         2    ###....


Dungeon Overview and Level Annotations

Branches:
Dungeon (2/15)

Altars:

Annotations:
D:2 Natasha


Innate Abilities, Weirdness & Mutations

Your body is rotting away.
You thrive on raw meat.
You are immune to poison.
You have sharp fingernails.
You are carnivorous and can eat meat at any time.
Your flesh is cold resistant. (rC+)
You are immune to negative energy. (rN+++)
You do not regenerate when monsters are visible.
You are immune to unholy pain and torment.
You can survive without breathing.


Message History

Natasha misses you.
You scratch Natasha.
Natasha is moderately wounded.
The white imp gestures at you. The puff of frost hits you! You resist.
* * * LOW HITPOINT WARNING * * *
Natasha claws you but does no damage.
Sorry, you're not good enough to have a special ability.
Casting: Shroud of Golubria
Confirm with . or Enter, or press ? or * to list all spells.
Space distorts slightly along a thin shroud covering your body.
The white imp gestures at you. The puff of frost hits you! You resist.
* * * LOW HITPOINT WARNING * * *
Natasha barely misses you.
You closely miss Natasha.
Natasha is moderately wounded.
The white imp gestures at you. The puff of frost hits you! You resist.
You die...

.#...............
..............#..
.....#.#.#####.#.
####.#.#.........
...........#.###
..##....####.#.############
.##....##.................
.............h5..###......#
#.####.#.#.#.#@#####......#
# ........#.#.....#......#
#.#.##.##.#.....#h.....#
...#. ...........#......#
### #.....#.#.....#......#
..............#......#
#.##.#..##....# ..
....>####.## ### .#


You could see Natasha and a white imp.

Vanquished Creatures
  Natasha (D:2)
  An adder (D:2)
  4 hobgoblins
  6 jackals
  3 kobolds (D:1)
  A ball python (D:1)
  4 bats (D:1)
  A frilled lizard (D:1)
  3 rats
24 creatures vanquished.

Notes
Turn   | Place    | Note
-------+----------+-------------------------------------------
     0 | D:1      | doot the Ghoul Warper began the quest for the Orb.
     0 | D:1      | Reached XP level 1. HP: 17/17 MP: 2/2
   146 | D:1      | Reached skill level 1 in Armour
   153 | D:1      | Reached XP level 2. HP: 14/24 MP: 4/4
   157 | D:1      | Learned a level 2 spell: Blink
   160 | D:1      | Learned a level 2 spell: Shroud of Golubria
   702 | D:2      | Noticed Natasha
   711 | D:2      | Noticed a crimson imp
   715 | D:2      | Noticed a crimson imp
   717 | D:2      | Killed Natasha
   717 | D:2      | Reached XP level 3. HP: 6/30 MP: 5/5
   948 | D:2      | Reached XP level 4. HP: 37/37 MP: 6/6
   982 | D:2      | Noticed Natasha
  1014 | D:2      | Killed from afar by a white imp

Skill      XL: |  1  2  3 |
---------------+----------+-----
Armour         | 1 |  1.5
Spellcasting   | 2 |  2.1
Translocations | 3 |  3.1
Unarmed Combat | 3 |  3.0
Fighting       | |  2.3
Throwing       | |  0.8
Dodging        | |  1.9

Action                   |  1- 3 |  4- 6 || total
-------------------------+-------+-------++-------
Melee: Unarmed           |    67 |     6 ||    73
 Cast: Shroud of Golubri |     1 |     1 ||     2
  Eat: Chunk             |     3 |     1 ||     4
Armor: Leather armour    |    15 |     3 ||    18
Dodge: Dodged            |    41 |     3 ||    44
